[Event "*** Titled Tuesday Blitz"]
[Site "Chess.com"]
[Date "2020.04.28"]
[Round "1"]
[White "ZAbdumalik"]
[Black "Danfii"]
[Result "1-0"]
[WhiteElo "2657"]
[BlackElo "2330"]
[TimeControl "180+1"]
[EndTime "10:07:47 PDT"]
[Termination "ZAbdumalik won by resignation"]

1. e4 e5 2. Nf3 Nc6 3. Bb5 a6 4. Ba4 Nf6 5. O-O b5 6. Bb3 Bc5 7. c3 d6 8. d4 Bb6 9. Be3 O-O 10.
Nbd2 Re8 11. Re1 Bb7 12. d5 Ne7 13. Bxb6 cxb6 14. a4 bxa4 15. Bxa4 b5 16. Bc2 Ng6 17. Bd3 h6 18. Bf1 Qb6 19. h3 Nd7 20. c4 Rec8 21.
cxb5 axb5 22. Qb3 Rxa1 23. Rxa1 Rc5 24. Qb4 Ne7 25. Qa5 Nc8 26. b4 Rc2 27. Qxb5 Qxb5 28. Bxb5 Ndb6 29. Kf1 Rb2 30. Rb1 Ra2 31. Bc6 Bxc6 32.
dxc6 Kf8 33. b5 Ke7 34. Ke2 Kd8 35. Kd3 Kc7 36. Nh4 g6 37. Nhf3 Na7 38. Nc4 Nxc4 39. Kxc4 Ra4+ 40. Rb4 Rxb4+ 41. Kxb4 Kb6 42. Nd2 Nxb5 43.
Nc4+ Kxc6 44. Na5+ Kb6 45. Nc4+ Kc6 46. Na5+ Kb6 47.
Nc4+ Ka6 48. Ne3 Nc7 49. Kc4 Kb6 50. Ng4 h5 51. Nh6 f6 52. Ng8 Ne8 53. Kd5 Kc7 54.
Ke6 f5 55. exf5 gxf5 56. Kxf5 Kc6 57. g4 hxg4 58. hxg4 Kc5 59. Ne7 Kc4 60. g5 d5 61.
Kxe5 d4 62. Nf5 d3 63. Ne3+ Kc3 64. f4 Kd2 65. Kd4 Nd6 66. g6 Nb5+ 67. Ke4 Nd6+ 68.
Kf3 Ne8 69. f5 Kc3 70. Nd1+ Kc2 71. Nf2 d2 72. Kf4 Kc3 73. Ke5 Ng7 74. f6 Nh5 75. f7 Ng7 76. f8=Q 1-0

[Event "*** Titled Tuesday Blitz"]
[Site "Chess.com"]
[Date "2020.04.28"]
[Round "1"]
[White "JozefKneht"]
[Black "IMTominho"]
[Result "0-1"]
[WhiteElo "2422"]
[BlackElo "2802"]
[TimeControl "180+1"]
[EndTime "10:07:48 PDT"]
[Termination "IMTominho won by resignation"]

1. e4 e5 2. Nf3 Nf6 3. Nxe5 d6 4. Nf3 Nxe4 5. Qe2 Qe7 6. d3 Nf6 7. Bg5 Nbd7 8. Nc3 h6 9. Bh4 Qxe2+ 10. Bxe2 c6 11.
O-O Be7 12. b4 O-O 13. Rab1 g5 14. Bg3 Nh5 15. Nd4 Nxg3 16. fxg3 Bf6 17. Rxf6 Nxf6 18. b5 c5 19. Nb3 b6 20. Rf1 Kg7 21. Bf3 Rb8 22. Nd2 Bb7 23. Nc4 Bxf3 24. Rxf3 d5 25. Ne5 d4 26. Na4 Nd5 27. Nd7 Nb4 28. c3 Nxa2 29.
cxd4 Rbd8 30. Nxf8 Rxd4 31. Nb2 Kxf8 32. Nc4 Kg7 33. h3 Nc3 34. Ne5 f6 35. Ng4 Rd6 36.
Ne3 Kg6 37. Nf5 Rd7 38. g4 Nxb5 39. g3 Nd4 40. Nxd4 Rxd4 41. Re3 a5 42. Kf2 a4 43. Re7 Rb4 44. Kf3 h5 45. gxh5+ Kxh5 46. Ra7 Rb3 47. Ke4 Kg6 48. g4 b5 49. Ra5 a3 0-1

[Event "*** Titled Tuesday Blitz"]
[Site "Chess.com"]
[Date "2020.04.28"]
[Round "1"]
[White "SlavenPastar"]
[Black "GMKrikor"]
[Result "0-1"]
[WhiteElo "2374"]
[BlackElo "2712"]
[TimeControl "180+1"]
[EndTime "10:07:48 PDT"]
[Termination "GMKrikor won on time"]

1. d4 Nf6 2. c4 g6 3. Nc3 d5 4.
cxd5 Nxd5 5. Qb3 Nb6 6. e3 Bg7 7. Nf3 O-O 8. Be2 N8d7 9. O-O c5 10. Rd1 cxd4 11. Nxd4 Nc5 12. Qb4 Ncd7 13. a4 e6 14. a5 Nd5 15. Nxd5 exd5 16. b3 a6 17. Ba3 Re8 18.
Rac1 Ne5 19. Qd6 Qxa5 20. Bb4 Qd8 21. Nf3 Nc6 22. Ba3 Qxd6 23. Bxd6 Be6 24. Ng5 Rad8 25. Nxe6 fxe6 26. Bc7 Rc8 27. Bb6 Kf7 28. f3 Be5 29.
g3 Bc7 30. Bc5 Bd8 31. Kf2 Be7 32. Bb6 Ba3 33. Ra1 Be7 34. Ra4 Nb4 35. Ba5 Nc6 36. Bb6 Bd8 37. Bc5 Bf6 38. e4 dxe4 39. fxe4 Red8 40.
Bb6 Rxd1 41. Bxd1 Bd8 42. Bc5 Bc7 43. Be2 Rd8 44. Be3 Be5 45. Ra2 Bd4 46. Bxd4 Rxd4 47.
Ke3 Rb4 48. Bd1 Ke7 0-1

[Event "*** Titled Tuesday Blitz"]
[Site "Chess.com"]
[Date "2020.04.28"]
[Round "1"]
[White "Slovak_fighter2000"]
[Black "politeplayer"]
[Result "1-0"]
[WhiteElo "2547"]
[BlackElo "2204"]
[TimeControl "180+1"]
[EndTime "10:07:48 PDT"]
[Termination "Slovak_fighter2000 won by checkmate"]

1. d4 Nf6 2. Bf4 d6 3. Nf3 g6 4. e3 Bg7 5. h3 O-O 6. Be2 a6 7. O-O c6 8. c4 b5 9. Nc3 Nbd7 10. a3 bxc4 11. Bxc4 Rb8 12. b4 Nb6 13. Bd3 Nbd5 14. Nxd5 cxd5 15. Qe2 a5 16. b5 Ne4 17. a4 Bf5 18.
Rfc1 Qd7 19. Rc2 Rfc8 20. Rac1 h6 21. Rc6 Qb7 22. Qc2 Rxc6 23. Qxc6 Nd2 24. Bxf5 Nxf3+ 25. gxf3 gxf5 26. Qc7 e5 27. dxe5 Qxc7 28. Rxc7 dxe5 29. Bg3 f4 30. exf4 e4 31. fxe4 dxe4 32. f5 Rd8 33. Ra7 Bd4 34. Rxa5 e3 35. fxe3 Bxe3+ 36.
Kg2 Rd2+ 37. Kf3 Bc5 38. Ra8+ Kg7 39. Be5+ f6 40. Bc7 Rf2+ 41. Ke4 h5 42. b6 Rb2 43. a5 Kh6 44. Kd5 Bg1 45. Bf4+ Kg7 46. Kc6 h4 47. b7 Rc2+ 48. Kd7 Rd2+ 49. Bd6 Bh2 50. b8=Q Bxd6 51. Qh8+ Kf7 52. Qg8# 1-0

[Event "*** Titled Tuesday Blitz"]
[Site "Chess.com"]
[Date "2020.04.28"]
[Round "1"]
[White "Riptide27"]
[Black "NFork"]
[Result "1-0"]
[WhiteElo "2476"]
[BlackElo "1848"]
[TimeControl "180+1"]
[EndTime "10:07:48 PDT"]
[Termination "Riptide27 won by resignation"]

1. e4 c6 2. d4 d5 3. e5 c5 4. dxc5 e6 5. Nf3 Ne7 6. b4 a5 7.
c3 Ng6 8. Be3 axb4 9. cxb4 b6 10. Nbd2 bxc5 11. bxc5 Qa5 12. a4 Bd7 13. Qc2 Nc6 14. Bb5 Ncxe5 15. O-O Nc6 16. Nb3 Qc7 17. Nbd4 Be7 18. Nxc6 Bxc6 19. Nd4 Bxb5 20. axb5 Rxa1 21. Rxa1 O-O 22. c6 Rb8 23. Qa4 e5 24. Nf5 d4 25.
Qa7 Bd8 26. Qxc7 Bxc7 27. Bd2 Rxb5 28. h4 h6 29. Ra7 Rb1+ 30. Kh2 Bb8 31. c7 Bxc7 32.
Rxc7 e4 33. Nxd4 Nxh4 34. Kg3 Ng6 35. Nf5 Rb3+ 36. Be3 Ne5 37. Rc8+ Kh7 38. Kf4 f6 39. Kxe4 Rb4+ 40. Bd4 Kg6 41. Ne7+ Kf7 42. Nc6 Ra4 43. Nxe5+ fxe5 44. Kxe5 Ra5+ 45. Ke4 Ra6 46. Rc7+ Kg6 47. Rc8 Re6+ 48. Kf3 Ra6 49. Be3 Ra3 50. g3 Ra6 51.
Rc5 Rf6+ 52. Kg2 Re6 53. Rb5 Kf7 54. Rb6 Rd6 55. Rxd6 Ke7 56. Rd4 Kf7 57. g4 Ke7 58. Kg3 1-0

[Event "*** Titled Tuesday Blitz"]
[Site "Chess.com"]
[Date "2020.04.28"]
[Round "1"]
[White "hongnhung1234"]
[Black "Triumphmate"]
[Result "0-1"]
[WhiteElo "2198"]
[BlackElo "2540"]
[TimeControl "180+1"]
[EndTime "10:07:49 PDT"]
[Termination "Triumphmate won by checkmate"]

1. e4 d5 2. exd5 Nf6 3. d4 Bg4 4. Nf3 c6 5. dxc6 Nxc6 6. Be3 e6 7. Be2 Bd6 8. O-O O-O 9. h3 Bh5 10. c3 Nd5 11. Nbd2 f5 12. Nc4 Bc7 13. Nfe5 Bxe2 14. Qxe2 Nxe5 15. dxe5 f4 16. Bc5 f3 17. Qe4 Rf4 18. Qc2 Rxc4 19. Bd4 Qg5 20. g3 Nf4 21. Kh2 Nxh3 22. Qd3 Qh5 23. Qxc4 Nf4+ 24. Kg1 Ne2+ 25.
Qxe2 fxe2 26. Rfe1 Rf8 27. Rac1 Qf3 28. Rc2 Bb6 29. Rcxe2 Bxd4 30. cxd4 Qd5 31. Re4 Rc8 32. b3 h6 33. Rf4 Rc2 34. Rfe4 Rxa2 35. R4e3 Rc2 36.
Ra1 Rd2 37. Rae1 Rxd4 38. Rc1 b5 39. Rc8+ Kh7 40. Kh2 Rd1 41. g4 Qh1+ 42. Kg3 Rg1+ 43.
Kf4 g5# 0-1

[Event "*** Titled Tuesday Blitz"]
[Site "Chess.com"]
[Date "2020.04.28"]
[Round "1"]
[White "Grandmaster2B"]
[Black "Shivagami"]
[Result "1-0"]
[WhiteElo "2520"]
[BlackElo "2143"]
[TimeControl "180+1"]
[EndTime "10:07:49 PDT"]
[Termination "Grandmaster2B won on time"]

1. e4 c5 2. Nf3 d6 3. d4 cxd4 4. Nxd4 Nf6 5. Nc3 a6 6. f3 e5 7. Nb3 Be6 8. Be3 Be7 9. Qd2 b5 10. O-O-O Nbd7 11. g4 Nb6 12. Qf2 Nc4 13. Bxc4 Bxc4 14.
Na5 Rc8 15. Bb6 Qd7 16. h4 b4 17. Nxc4 Rxc4 18. Nd5 Nxd5 19. Rxd5 O-O 20. Kb1 Rfc8 21. Rd2 Bd8 22. Be3 Ba5 23. Rhd1 R8c6 24. Rd5 Bc7 25.
R1d2 Qe6 26. Qe2 a5 27. Qd3 a4 28. Rb5 a3 29. b3 Rc3 30. Qe2 Qc8 31. Rxb4 Ba5 32.
Ra4 Bb4 33. Rxb4 R3c5 34. Bxc5 Rxc5 35. Rc4 Rxc4 36. Qxc4 Qb8 37. Qd5 Qb6 38. Qxd6 Qg1+ 39. Rd1 1-0

[Event "*** Titled Tuesday Blitz"]
[Site "Chess.com"]
[Date "2020.04.28"]
[Round "1"]
[White "Muguet7"]
[Black "MisiekZielony"]
[Result "0-1"]
[WhiteElo "2488"]
[BlackElo "2119"]
[TimeControl "180+1"]
[EndTime "10:07:49 PDT"]
[Termination "MisiekZielony won by resignation"]

1. d4 d5 2. Nf3 Nf6 3. c4 c6 4. e3 g6 5. Nc3 Bg7 6. Bd3 O-O 7. O-O Bg4 8. h3 Bxf3 9. Qxf3 e6 10. b3 Nbd7 11.
Qe2 Re8 12. Bb2 a6 13. Rad1 h5 14. f4 Qc7 15. c5 a5 16. Na4 b6 17. cxb6 Nxb6 18.
Nc5 Nfd7 19. Ba3 Nxc5 20. Bxc5 Nd7 21. Rc1 Nxc5 22. Rxc5 Bf8 23. Rc2 Ba3 24. g4 hxg4 25. hxg4 Qd6 26. Rf2 Kg7 27. Rh2 Rh8 28. Qf3 Rxh2 29. Rxh2 Rh8 30. Rxh8 Kxh8 31. Qh3+ Kg7 32. f5 exf5 33. gxf5 g5 34. Qf3 Qe7 35. Kg2 Bc1 36. Kf2 Ba3 37. Qh3 Bc1 38. Ke2 Ba3 39. Kd2 c5 40. dxc5 Bxc5 41. Qf3 Qe5 42. Bc2 Bb4+ 43. Ke2 Qc3 44. Bd3 Qd2+ 45. Kf1 Qxd3+ 46. Kg2 Qe4 47. Qxe4 dxe4 48. Kf2 Kf6 49. Ke2 Kxf5 0-1

[Event "*** Titled Tuesday Blitz"]
[Site "Chess.com"]
[Date "2020.04.28"]
[Round "1"]
[White "kleopl"]
[Black "TheMightyBishops"]
[Result "1-0"]
[WhiteElo "2483"]
[BlackElo "2002"]
[TimeControl "180+1"]
[EndTime "10:07:49 PDT"]
[Termination "kleopl won on time"]

1. c4 c5 2. Nf3 Nc6 3. Nc3 e5 4. e3 Nf6 5. d4 cxd4 6. exd4 e4 7.
Ne5 d5 8. cxd5 Nxd5 9. Nxe4 Be6 10. Nxc6 bxc6 11. Be2 Be7 12. O-O O-O 13. Bf3 Rc8 14. Bd2 f5 15. Nc5 Bxc5 16. dxc5 f4 17. b4 a6 18. Re1 Bd7 19. a3 Qg5 20. Qb3 Kh8 21. Rad1 Nf6 22. Bc3 Bg4 23. Bxf6 Rxf6 24. Rd4 Rcf8 25.
Rde4 Bd7 26. Re7 Bh3 27. Re8 Bxg2 28. Rxf8+ Rxf8 29. Bxg2 Qg6 30. Qf3 h6 31. Qxc6 Qc2 32. Qe4 Qb3 33. Qe7 Rf7 34. Qe8+ Kh7 35. Be4+ g6 36. Bb1 Qd5 37. Qe6 Qg5+ 38. Kh1 Rf6 39. Qe7+ 1-0

[Event "*** Titled Tuesday Blitz"]
[Site "Chess.com"]
[Date "2020.04.28"]
[Round "1"]
[White "MFBerna"]
[Black "MITerryble"]
[Result "0-1"]
[WhiteElo "2450"]
[BlackElo "2883"]
[TimeControl "180+1"]
[EndTime "10:07:51 PDT"]
[Termination "MITerryble won by resignation"]

1. e4 e6 2. Nf3 d5 3. exd5 exd5 4. d4 Nc6 5. c3 Bd6 6. Bd3 Nge7 7. O-O Bg4 8. Be3 Qd7 9. Nbd2 f6 10. b4 O-O 11. Qc2 Bf5 12. Rfe1 Bxd3 13. Qxd3 Qf5 14. Qe2 Rfe8 15. Nf1 Qd7 16. Ng3 Bxg3 17. hxg3 Nf5 18.
Qd3 Nd6 19. Nd2 g5 20. Nb3 Qf5 21. Qxf5 Nxf5 22. Nc5 b6 23. Na6 Rac8 24. Bd2 Rxe1+ 25.
Rxe1 Kf7 26. g4 Nd6 27. f3 Nb8 28. Nxb8 Rxb8 29. Bc1 Nc4 30. Kf2 a5 31. Rh1 Kg6 32. b5 a4 33. Re1 Kf7 34. f4 h6 35. Rh1 Kg7 36. Re1 Rf8 37. Re6 Rf7 38. Re8 Nd6 39. Ra8 Ne4+ 40. Kf3 Nxc3 41. Bd2 Nxb5 42. Rxa4 Re7 43. Ra8 Nxd4+ 44. Kg3 Ne2+ 45. Kh2 Nxf4 46. Rc8 Ne6 47. Bb4 Rd7 48. Kg3 d4 49. a4 d3 50.
Bd2 Nc5 51. a5 bxa5 52. Bxa5 d2 53. Bxd2 Ne4+ 54. Kh2 Nxd2 55. Ra8 Nc4 56. Rc8 Ne5 57. Rd8 Nxg4+ 58. Kg3 Rxd8 0-1

[Event "*** Titled Tuesday Blitz"]
[Site "Chess.com"]
[Date "2020.04.28"]
[Round "1"]
[White "Man-Chuk"]
[Black "BvsN"]
[Result "1-0"]
[WhiteElo "2712"]
[BlackElo "2373"]
[TimeControl "180+1"]
[EndTime "10:07:51 PDT"]
[Termination "Man-Chuk won by resignation"]

1. c4 e5 2. Nc3 Bb4 3. g3 Bxc3 4. bxc3 d6 5. Bg2 Nc6 6. e4 Nge7 7. Ne2 O-O 8. O-O Be6 9. d3 Qd7 10. f4 Bh3 11. f5 Bxg2 12. Kxg2 f6 13. g4 Nd8 14. Ng3 c6 15. g5 d5 16. cxd5 cxd5 17. Qg4 Kh8 18.
Nh5 Ng8 19. Ba3 Re8 20. Rad1 Rc8 21. c4 d4 22. h4 Rc7 23. Rd2 Qa4 24. Bc1 b5 25. c5 b4 26. Kh2 Qd7 27. Rg1 Qf7 28. Rdg2 Ree7 29. gxf6 Nxf6 30. Nxf6 Qxf6 31. Bg5 Qf7 32.
Bxe7 Rxe7 33. Rf2 Qf6 34. Qg5 Rf7 35. Rfg2 Qxg5 36. hxg5 Nc6 37. g6 Rf6 38. Rg3 h6 39.
a3 bxa3 40. Ra1 Kg8 41. Rxa3 Kf8 42. Rg1 Ke8 43. Rb1 Kd8 44. Rb7 Ne7 45. Raxa7 Nc8 1-0

[Event "*** Titled Tuesday Blitz"]
[Site "Chess.com"]
[Date "2020.04.28"]
[Round "1"]
[White "Poghosyan_Suren"]
[Black "mohssenbinaddi"]
[Result "1-0"]
[WhiteElo "2515"]
[BlackElo "2133"]
[TimeControl "180+1"]
[EndTime "10:07:51 PDT"]
[Termination "Poghosyan_Suren won on time"]

1. Nf3 c6 2. c4 d5 3. d4 Nf6 4. Nc3 dxc4 5. a4 Bf5 6. Ne5 Nbd7 7. Nxc4 a5 8. f3 Bg6 9. e4 Qc7 10. Bg5 e5 11. Bxf6 gxf6 12. d5 Bb4 13. d6 Qb8 14. h4 h5 15. Be2 Qa7 16. Qd3 O-O-O 17. O-O-O Nc5 18. Qe3 Nb3+ 19. Kb1 Qxe3 20. Nxe3 Rxd6 21. Rxd6 Bxd6 22. Bc4 Nd2+ 23. Kc2 Nxc4 24. Nxc4 Bc7 25. Ne3 Rd8 26. Nf5 Bb6 27. g4 Kc7 28. Ng3 hxg4 29.
fxg4 Bf2 30. Nf5 Bxf5 31. exf5 Rd4 32. h5 Rd8 33. h6 Rh8 34. Ne4 Be3 35. h7 Bg5 36.
Kd3 Kd7 37. Kc4 b6 38. b4 axb4 39. Kxb4 Ke7 40. Kc4 Kf8 41. Rb1 b5+ 42. Kc5 bxa4 43. Nxg5 fxg5 44. f6 1-0

[Event "*** Titled Tuesday Blitz"]
[Site "Chess.com"]
[Date "2020.04.28"]
[Round "1"]
[White "lolo9292"]
[Black "TigrVShlyape"]
[Result "1-0"]
[WhiteElo "2456"]
[BlackElo "2840"]
[TimeControl "180+1"]
[EndTime "10:07:52 PDT"]
[Termination "lolo9292 won by resignation"]

1. d4 d5 2. c4 c6 3. cxd5 cxd5 4. Bg5 Nc6 5. Nc3 Nf6 6. Bxf6 gxf6 7. e3 e6 8. Bd3 Bd7 9. f4 f5 10. Nf3 Be7 11.
O-O Qb6 12. a3 Rc8 13. Qe2 Qc7 14. Kh1 Na5 15. Rac1 Qd8 16. Ne5 Nc6 17. Nf3 Bd6 18.
Nb5 Bb8 19. Ng5 Qf6 20. Qh5 Qg6 21. Qh3 h6 22. Nf3 Qg4 23. Qxg4 fxg4 24. Ne5 f5 25.
Nxc6 Rxc6 26. h3 h5 27. Kh2 Ke7 28. Rxc6 Bxc6 29. Nc3 a6 30. Rh1 Kf6 31. Kg3 h4+ 32. Kf2 g3+ 33. Kf3 Bd6 34. Rc1 Rc8 35. Na2 Bd7 36. Rxc8 Bxc8 37. Ke2 Bd7 38. Nc1 Ke7 39. Nb3 Be8 40. Nd2 Kd8 41. Kd1 Kc7 42. Be2 Be7 43.
Kc2 Ba4+ 44. b3 Be8 45. b4 a5 46. Kc3 axb4+ 47. axb4 b6 48. Nf3 Bf6 49. Ne1 Be7 50. Nd3 Bf6 51. Ne1 Be7 52. Bd3 Bh5 53.
Nc2 Bd1 54. Na3 Bf3 55. Bf1 Be4 56. Nb5+ Kd7 57. Kb3 Kc6 58. Nc3 Kc7 59. Ka4 Kc6 60.
Bb5+ Kc7 61. Bf1 Kc6 62. Nxe4 fxe4 63. Bb5+ Kc7 64. Be8 Kd8 65. Bf7 Kd7 66. Bh5 Bd6 67. Kb5 Ke7 68. Bg4 Kd7 69. f5 exf5 70. Bxf5+ Ke7 71.
Kc6 Bxb4 72. Kxd5 Bd2 73. Kxe4 b5 74. Kd3 Bc1 75. Bg4 b4 76. Bd1 Kd6 77. e4 Bb2 78. e5+ Ke7 79. Ke4 1-0

[Event "*** Titled Tuesday Blitz"]
[Site "Chess.com"]
[Date "2020.04.28"]
[Round "1"]
[White "aspired"]
[Black "albano87"]
[Result "1-0"]
[WhiteElo "2733"]
[BlackElo "2386"]
[TimeControl "180+1"]
[EndTime "10:07:52 PDT"]
[Termination "aspired won by resignation"]

1. e4 c5 2. Nf3 Nc6 3. c3 Nf6 4. e5 Nd5 5. Bc4 Nb6 6. Bb3 d5 7. d4 cxd4 8. cxd4 Bg4 9. Be3 e6 10. O-O Be7 11. Nbd2 O-O 12. h3 Bh5 13. Rc1 Rc8 14.
Qe2 Bg6 15. Bc2 Nb4 16. Bxg6 hxg6 17. a3 Nc6 18. Qd3 Qd7 19. Rc2 Na5 20. Rfc1 Rxc2 21. Rxc2 Nac4 22. Nxc4 Nxc4 23. Bg5 b5 24. h4 a5 25. g4 b4 26. axb4 axb4 27. b3 Na3 28.
Rc1 Bxg5 29. Nxg5 Rc8 30. Qd2 f6 31. Nf3 Rxc1+ 32. Qxc1 Nb5 33. Qc5 Nc3 34. Qxb4 Ne4 35. Qb8+ Kh7 36. exf6 gxf6 37. g5 fxg5 38. hxg5 Qf7 39.
Qh2+ Kg8 40. Qh3 Kg7 41. Kg2 Nc3 42. Ne5 Qf4 43. Qh6+ Kg8 44. Qxg6+ Kf8 45. Qf6+ Qxf6 46.
gxf6 Ne4 47. f7 Nd2 48. b4 Nb3 49. b5 Nxd4 50. b6 Nc6 51. Nxc6 1-0

[Event "*** Titled Tuesday Blitz"]
[Site "Chess.com"]
[Date "2020.04.28"]
[Round "1"]
[White "elisak43"]
[Black "ElGasanov"]
[Result "0-1"]
[WhiteElo "2384"]
[BlackElo "2722"]
[TimeControl "180+1"]
[EndTime "10:07:52 PDT"]
[Termination "ElGasanov won by resignation"]

1. e4 c5 2. Nf3 Nc6 3. c4 e5 4. Nc3 d6 5. d3 Be7 6. Be2 f5 7. O-O Nf6 8. Bg5 O-O 9. Re1 Nd4 10.
Nxd4 cxd4 11. Bxf6 Bxf6 12. Nd5 fxe4 13. dxe4 Be6 14.
Bg4 Bf7 15. Qd3 Bg5 16. g3 Kh8 17. f4 Bxd5 18. exd5 exf4 19. Rf1 fxg3 20. hxg3 Be3+ 21. Kg2 Qg5 22. Rxf8+ Rxf8 23. Rf1 Qe7 24. Rxf8+ Qxf8 25.
Qf5 Qxf5 26. Bxf5 g6 27. Bd3 a5 28. b3 Kg7 29. Kf3 Kf6 30. Ke4 h5 31. a3 g5 32.
b4 a4 33. Bc2 h4 34. gxh4 gxh4 35. Bxa4 h3 36. Kf3 h2 37. Kg2 Bf4 38. c5 dxc5 39. bxc5 d3 40. c6 b6 41. Bd1 Ke7 42. Bf3 Kd6 43. Be4 d2 44. Bf3 Kc5 45. a4 Kb4 46.
Bd1 Kc3 47. Be2 Kc2 48. Kf3 h1=Q+ 49. Kxf4 Qh2+ 50. Ke3 Qe5+ 0-1

[Event "*** Titled Tuesday Blitz"]
[Site "Chess.com"]
[Date "2020.04.28"]
[Round "1"]
[White "dbrankovic68"]
[Black "Evgeny81"]
[Result "0-1"]
[WhiteElo "2345"]
[BlackElo "2679"]
[TimeControl "180+1"]
[EndTime "10:07:52 PDT"]
[Termination "Evgeny81 won by resignation"]

1. e4 e6 2. Qe2 c5 3. Nf3 Nc6 4.
g3 g6 5. Bg2 Bg7 6. O-O Nge7 7.
d3 O-O 8. Re1 d5 9. h4 b6 10. e5 Qc7 11. Nbd2 Ba6 12. c3 b5 13. Nf1 b4 14. N1h2 h5 15. g4 hxg4 16. Nxg4 bxc3 17. bxc3 Nf5 18. Nf6+ Bxf6 19. exf6 Rfe8 20. Bg5 e5 21. Qd2 e4 22. dxe4 dxe4 23. Nh2 Rad8 24. Qf4 Qxf4 25. Bxf4 Bd3 26. Bg5 Ne5 27. Bh3 Kh7 28. Kg2 Rb8 29. Ng4 Nf3 30. Ne3 Nxe1+ 31. Rxe1 Nxe3+ 32. Rxe3 Bc4 33.
Bg4 Bxa2 34. Kg3 Be6 35. h5 Bxg4 36. Kxg4 gxh5+ 37. Kxh5 Re5 38. Rh3 Rh8 39. Kg4+ Kg8 40. Re3 Rh1 41. Kf4 Re6 42. Re2 Rh3 43. Rb2 Kh7 44.
Rb8 Rf3+ 45. Kg4 Rxf2 46. Rf8 Rfxf6 47. Bxf6 Rxf6 48. Re8 Re6 49. Rc8 e3 0-1

[Event "*** Titled Tuesday Blitz"]
[Site "Chess.com"]
[Date "2020.04.28"]
[Round "1"]
[White "DFeco"]
[Black "RobertoJBM"]
[Result "0-1"]
[WhiteElo "2197"]
[BlackElo "2542"]
[TimeControl "180+1"]
[EndTime "10:07:52 PDT"]
[Termination "RobertoJBM won by resignation"]

1. c4 e5 2. g3 Nf6 3. Bg2 d5 4. cxd5 Nxd5 5. Nc3 Nxc3 6. bxc3 Bd6 7. d3 O-O 8. e3 c5 9. Ne2 Qc7 10. O-O Nc6 11. Bb2 b6 12. d4 Bb7 13. dxc5 Bxc5 14.
c4 Rad8 15. Qc2 Na5 16. Rad1 Bxg2 17. Kxg2 f6 18. Nc3 Bb4 19. Nd5 Qxc4 20. Qxc4 Nxc4 21. Nxb4 Nxb2 22. Rxd8 Rxd8 23. Rc1 Rd7 24. Rc8+ Kf7 25. Nc6 Rd2 26. Rc7+ Ke6 27. Rxg7 Nd1 28. Rxa7 Rxf2+ 29. Kg1 Rc2 30. Nd8+ Kf5 31. Rxh7 Nxe3 32. Nf7 Rg2+ 33. Kh1 Rxa2 34. Kg1 Kg6 35. Rh8 Kxf7 36. Rb8 Nd5 37. Rd8 Ke6 38. Re8+ Kd7 39. Rb8 Kc7 40. Rf8 b5 41. h4 Kc6 42. h5 Ra7 43. Rc8+ Kd6 44. Rb8 Kc5 45. Rc8+ Kd4 46. Rb8 b4 47. Rh8 b3 48. h6 Rb7 49. Rg8 b2 50. Rg7 b1=Q+ 51.
Kg2 Rxg7 52. hxg7 Qh7 0-1

[Event "*** Titled Tuesday Blitz"]
[Site "Chess.com"]
[Date "2020.04.28"]
[Round "1"]
[White "Olga_Girya"]
[Black "vladislavkovalev"]
[Result "0-1"]
[WhiteElo "2442"]
[BlackElo "2859"]
[TimeControl "180+1"]
[EndTime "10:07:53 PDT"]
[Termination "vladislavkovalev won on time"]

1. d4 Nf6 2. c4 e6 3. Nf3 d5 4.
Nc3 dxc4 5. a4 Bb4 6. e3 b6 7. Bxc4 Bb7 8. O-O O-O 9. Qb3 c5 10. Rd1 Qe7 11. d5 Bxc3 12. d6 Qd8 13. Qxc3 Nc6 14. b3 Ne4 15. Qe1 Nxd6 16. Bb2 Qe7 17. Qc3 f6 18. Bd3 Nb4 19. Bb1 Rad8 20. Ba3 a5 21.
Bxb4 axb4 22. Qe1 Ne4 23. Bxe4 Bxe4 24. Nd2 Bd5 25. Rac1 e5 26. e4 Be6 27. Nc4 Rxd1 28.
Rxd1 Bxc4 29. bxc4 Rd8 30. Rd5 h6 31. Qd1 Ra8 32. Rd7 Qe6 33. Rd5 Qc6 34. h4 Qxa4 35. Qg4 Kh8 36. Rd7 Rg8 37. Qe6 Qa1+ 38. Kh2 Qe1 39. Qf5 b3 40. Rf7 Qd2 41. g3 b2 42.
Rxf6 gxf6 43. Qxf6+ Rg7 44. Qf8+ Kh7 45. Qf5+ Kg8 46.
Qe6+ Rf7 0-1

[Event "*** Titled Tuesday Blitz"]
[Site "Chess.com"]
[Date "2020.04.28"]
[Round "1"]
[White "Batica1984"]
[Black "adiosabu"]
[Result "1-0"]
[WhiteElo "2798"]
[BlackElo "2420"]
[TimeControl "180+1"]
[EndTime "10:07:53 PDT"]
[Termination "Batica1984 won by resignation"]

1. e4 c5 2. Nf3 Nc6 3. d4 cxd4 4. Nxd4 e5 5. Nb5 a6 6. Nd6+ Bxd6 7. Qxd6 Qe7 8. Qd1 Nf6 9. Nc3 d6 10. Bg5 Be6 11. Nd5 Bxd5 12. exd5 Nb8 13. Qf3 Nbd7 14.
O-O-O O-O 15. Kb1 Rfc8 16. g4 e4 17. Qg3 Rc5 18. Bg2 Rac8 19. c3 h6 20. Bf4 Rxd5 21. Rxd5 Nxd5 22. Bxd6 Qe6 23. Rd1 N7f6 24. Rd4 e3 25.
fxe3 Nxe3 26. Bxb7 Re8 27. Bxa6 Nfxg4 28. Bd3 f5 29. a4 g5 30. a5 f4 31. Qe1 Qb3 32. a6 Ra8 33. h3 Nf6 34. h4 Nfd5 35.
hxg5 hxg5 36. Be4 Rxa6 37. Bxd5+ Nxd5 38. Qe6+ Kg7 39. Be5+ Nf6 40. Bxf6+ Kg6 41. Qxb3 Rxf6 42. Qc2+ 1-0

[Event "*** Titled Tuesday Blitz"]
[Site "Chess.com"]
[Date "2020.04.28"]
[Round "1"]
[White "awesomevishesh"]
[Black "MarcoCorvi"]
[Result "1-0"]
[WhiteElo "2530"]
[BlackElo "2176"]
[TimeControl "180+1"]
[EndTime "10:07:53 PDT"]
[Termination "awesomevishesh won by checkmate"]

1. d4 f5 2. Nf3 Nf6 3. g3 e6 4. Bg2 Be7 5. O-O O-O 6. c4 d6 7. Nc3 Qe8 8. b3 Ne4 9. Bb2 Nxc3 10. Bxc3 Bf6 11. Qc2 Nc6 12. e4 fxe4 13. Qxe4 Qh5 14. b4 d5 15. Qd3 Bd7 16. Rfe1 Rae8 17. c5 a6 18. a4 Ne7 19. b5 axb5 20. axb5 Ra8 21.
h3 Qg6 22. Qe2 Rxa1 23. Rxa1 Qe4 24. Qb2 Qd3 25. b6 cxb6 26. cxb6 Nc6 27. Ne1 Qg6 28.
Nf3 Qd3 29. Ne1 Qf5 30. Nf3 g5 31. Ne5 Bxe5 32. dxe5 d4 33. Bxd4 h5 34. Bc3 g4 35.
hxg4 hxg4 36. Qd2 Kf7 37. Qxd7+ Kg6 38. Qd2 Rf7 39. Qe2 Rh7 40. Be4 Ne7 41. Qxg4+ Kf7 42.
Bxf5 Nxf5 43. Qc4 Rg7 44. Qc7+ Kg6 45. Qc8 Rf7 46. Qxe6+ Kg7 47. Qd5 Kf8 48. e6 Ke8 49. exf7+ Kf8 50. Qxf5 Ke7 51. f8=Q# 1-0

[Event "*** Titled Tuesday Blitz"]
[Site "Chess.com"]
[Date "2020.04.28"]
[Round "1"]
[White "pooh2012"]
[Black "PawnEatingZombie"]
[Result "1-0"]
[WhiteElo "2510"]
[BlackElo "2115"]
[TimeControl "180+1"]
[EndTime "10:07:53 PDT"]
[Termination "pooh2012 won on time"]

1. Nf3 d5 2. g3 e6 3. Bg2 b5 4. a4 b4 5. c4 Nf6 6. O-O Bb7 7. b3 dxc4 8. bxc4 a5 9. Bb2 Be7 10. d4 O-O 11. c5 Bd5 12. Nbd2 Qc8 13. Qc2 Qb7 14.
Rfe1 Ne4 15. Nc4 b3 16. Qc1 Nc6 17. Rb1 Nb4 18. Nce5 Na2 19. Qe3 f6 20. Nd3 Rfe8 21.
Nf4 Bf8 22. Nxd5 exd5 23. Qd3 Rab8 24. Nd2 Nb4 25. Qe3 Nc2 26. Qf4 Nxe1 27. Rxe1 Nxd2 28.
Qxd2 c6 29. Ra1 Qb4 30. Bc3 Qc4 31. e3 Qa6 32. Bf1 Qb7 33. Rb1 f5 34. Bxa5 Ra8 35.
Bb6 Rxa4 36. Rxb3 Rea8 37. Bd3 Qf7 38. Rb1 g6 39. Qc2 Bh6 40. Qd1 Ra2 41. Qf3 Ra1 42. Rxa1 Rxa1+ 43. Kg2 Ra2 44. Bc7 Qe6 45. Be5 Bg7 46.
Bxg7 Kxg7 47. h3 h6 48. g4 fxg4 49. hxg4 Rb2 50. Qg3 1-0

[Event "*** Titled Tuesday Blitz"]
[Site "Chess.com"]
[Date "2020.04.28"]
[Round "1"]
[White "ehrenfeld"]
[Black "Larisa004"]
[Result "0-1"]
[WhiteElo "2487"]
[BlackElo "2105"]
[TimeControl "180+1"]
[EndTime "10:07:53 PDT"]
[Termination "Larisa004 won on time"]

1. e4 c5 2. d3 d6 3. f4 Nc6 4.
Nf3 g6 5. Be2 Bg7 6. O-O e6 7.
c3 Nge7 8. Be3 O-O 9. d4 cxd4 10.
cxd4 d5 11. e5 Nf5 12. Bf2 a6 13. Nc3 b5 14. Rc1 Bb7 15. Bd3 Nfe7 16. Bh4 b4 17.
Na4 a5 18. Nc5 Rb8 19. g4 Ba8 20. f5 exf5 21. gxf5 gxf5 22. Bxf5 Qc7 23. Bb1 Rfc8 24. Qd3 Ng6 25. Bg3 Qe7 26. e6 fxe6 27. Bxb8 Rxb8 28.
Qe3 Re8 29. Nd3 Bb7 30. Nde5 Ncxe5 31. Nxe5 Nxe5 32. dxe5 Ba6 33. Qh3 Qg5+ 34. Kh1 h6 35.
Rg1 Qxe5 36. Qxh6 Be2 37. Rg3 Re7 38. Qh7+ Kf8 39. Rc8+ Re8 40. Rxe8+ Kxe8 41. Qxg7 Bf3+ 42. Rxf3 Qxg7 43. Rf2 Ke7 44. Bd3 Kd6 45. Bf1 e5 46. Bg2 e4 47. h3 Qe5 48. Rd2 d4 0-1